 Dungeon Crawl Stone Soup version 0.22-a0-135-g6f012ad (webtiles) character file.

80 kuniqs the Caller (level 4, 0/24 HPs)
             Began as a Deep Elf Summoner on Feb 2, 2018.
             Slain by an orc
             ... wielding a +0 flail
              (5 damage)
             ... on level 3 of the Dungeon.
             The game lasted 00:06:23 (2144 turns).

kuniqs the Caller (Deep Elf Summoner)               Turns: 2144, Time: 00:06:24

Health: 0/24       AC:  5    Str: 10    XL:     4   Next: 18%
Magic:  5/12       EV: 13    Int: 21    God:
Gold:   109        SH:  0    Dex: 15    Spells: 6/11 levels left

rFire    . . .     SeeInvis .   s - staff of cold {!a}
rCold    + . .     Gourm    .   (no shield)
rNeg     . . .     Faith    .   a - +0 robe
rPois    .         Spirit   .   h - +0 helmet
rElec    .         Reflect  .   (no cloak)
rCorr    .         Harm     .   d - +0 pair of gloves
MR       .....                  r - +0 pair of boots
Stlth    ++........             p - amulet of inaccuracy (curse)
HPRegen  0.08/turn              (no ring)
MPRegen  0.13/turn              (no ring)

@: mighty
A: no striking features
a: no special abilities


You were on level 3 of the Dungeon.
You were not hungry.

You visited 1 branch of the dungeon, and saw 3 of its levels.

You collected 109 gold pieces.

Inventory:

Armour
 a - a +0 robe (worn)
 d - a +0 pair of gloves (worn)
 h - a +0 helmet (worn)
 r - a +0 pair of boots (worn)
Magical Staves
 s - an uncursed staff of cold (weapon) {!a}
Jewellery
 p - a cursed amulet of inaccuracy (around neck)
Scrolls
 e - a scroll of amnesia
 f - 2 scrolls of teleportation
 i - 3 scrolls of identify {@r1}
 k - a scroll of enchant weapon {unknown}
 q - a scroll of remove curse {unknown}
 t - 2 scrolls of immolation
 v - a scroll of random uselessness {unknown}
 w - a scroll of noise {unknown}
Potions
 g - a potion of might
 j - a potion of curing {@q1}
 l - a potion of degeneration {unknown}
 m - a potion of brilliance {unknown}
 o - 2 potions of agility {unknown}
 u - a potion of cancellation {unknown}
Books
 b - a book of Callings

   Spells                             Type                      Level
   a - Summon Small Mammal            Summoning                    1
   b - Call Imp                       Summoning                    2
   c - Call Canine Familiar           Summoning                    3
   d - Summon Guardian Golem          Hexes/Summoning              3
   e - Summon Lightning Spire         Summoning/Air                4
   f - Summon Ice Beast               Ice/Summoning                4
Comestibles
 c - 6 rations
 n - 8 chunks of flesh


   Skills:
 - Level 2.4 Dodging
 - Level 2.4 Stealth
 + Level 4.2 Spellcasting
 * Level 5.7 Summonings


You had 6 spell levels left.
You knew the following spells:

 Your Spells              Type           Power        Failure   Level  Hunger
b - Call Imp              Summ           ####....     1%          2    #......
c - Call Canine Familiar  Summ           ####....     3%          3    ###....


Dungeon Overview and Level Annotations

Branches:
Dungeon (3/15)

Altars:


Message History

The orc closely misses your crimson imp.
The orc hits your hound with a short sword.
Your hound barely misses the orc.
The goblin barely misses your crimson imp.
Your crimson imp blinks!
It was a potion of curing.
You feel better.
Your hound bites the orc.
The orc dies!
The orc closely misses you.
Your hound bites the orc.
Your crimson imp completely misses the orc.
The goblin completely misses your crimson imp.
Your hound closely misses the orc.
The orc hits you with a flail.
* * * LOW HITPOINT WARNING * * *
Your crimson imp blinks!
Your hound bites the orc but does no damage.
Your hound misses the orc.
Your crimson imp blinks!
The orc hits you with a flail.
You die...

#..>#### #
#.
.........#.
.. ..#
.........
.##.##..
.........
.....ยง#
#...#.###
...#)#
#...#.#
##..#o#
#...# #
#...#.#
#...#
#..#.#)#g#
.....
#...5.ho@#
.
####.#####
#. . >. ..
##.


You could see 2 orcs, a goblin, a friendly hound and a friendly crimson imp.

Vanquished Creatures (collateral kills)
  5 adders
  3 gnolls (D:2)
  2 worms
  2 dart slugs (D:2)
  A leopard gecko (D:1)
  3 orcs (D:3)
  2 bats
  3 giant cockroaches
  4 goblins
  9 hobgoblins
  10 kobolds
  A ball python (D:2)
  4 frilled lizards
  8 rats
57 creatures vanquished.

Notes
Turn   | Place    | Note
-------+----------+-------------------------------------------
     0 | D:1      | kuniqs the Deep Elf Summoner began the quest for the Orb.
     0 | D:1      | Reached XP level 1. HP: 10/10 MP: 6/6
   766 | D:1      | Reached XP level 2. HP: 15/15 MP: 5/8
   782 | D:1      | Learned a level 2 spell: Call Imp
  1188 | D:2      | Reached skill level 5 in Summonings
  1208 | D:2      | Reached XP level 3. HP: 8/19 MP: 2/10
  1221 | D:2      | Learned a level 3 spell: Call Canine Familiar
  1954 | D:3      | Reached XP level 4. HP: 24/24 MP: 7/12
  2138 | D:3      | HP: 1/24 [orc/flail (1)]
  2144 | D:3      | Slain by an orc

Vault maps used:
D:1:      minmay_arrival_doors
D:2:      kennysheep_generic_room_7

Skill      XL: |  1  2  3 |
---------------+----------+-----
Summonings     | 5 |  5.7
Spellcasting   | 4 |  4.2
Dodging        | |  2.4
Stealth        | |  2.4

Action                   |  1- 3 |  4- 6 || total
-------------------------+-------+-------++-------
 Cast: Summon Small Mamm |    20 |       ||    20
       Call Imp          |    15 |     4 ||    19
       Call Canine Famil |     7 |     5 ||    12
  Use: Scroll            |       |     4 ||     4
       Potion            |       |     2 ||     2
  Eat: Chunk             |     4 |     1 ||     5
Armor: Robe              |     4 |     5 ||     9
Dodge: Dodged            |    12 |    22 ||    34

Table legend:
 A = Spawn XP
 B = Non-spawn XP
 C = Spawn XP percentage of total XP
 D = Spawn monster count
 E = Non-spawn monster count
 F = Spawn count percentage of total count
 G = Total turns spent on level
                    A         B        C        D         E        F      G
               +---------+---------+-------+---------+---------+-------+---------
         Total |       0 |     115 |   0.0 |       0 |      57 |   0.0 |  2144
               +---------+---------+-------+---------+---------+-------+---------
           D:1 |       0 |      15 |   0.0 |       0 |      14 |   0.0 |  1030
           D:2 |       0 |      68 |   0.0 |       0 |      28 |   0.0 |   830
           D:3 |       0 |      32 |   0.0 |       0 |      15 |   0.0 |   284
               +---------+---------+-------+---------+---------+-------+---------
